 Dungeon Crawl Stone Soup version 0.30.0-5-g1a98f26d00 (webtiles) character file.

Game seed: 18257173797757753797

121 Edyrem the Magician (level 4, -5/34 HPs)
             Began as a Demonspawn Fire Elementalist on May 13, 2023.
             Slain by a sleepcap (16 damage)
             ... on level 4 of the Dungeon.
             The game lasted 00:07:09 (3494 turns).

Edyrem the Magician (Demonspawn Fire Elementalist)  Turns: 3494, Time: 00:07:09

Health: -5/34      AC:  3    Str:  8    XL:     4   Next: 77%
Magic:  7/9        EV:  2    Int: 19    God:
Gold:   209        SH:  0    Dex: 13    Spells: 4/10 levels left

rFire   . . .        o - +1 dagger (venom)
rCold   + . .        (no shield)
rNeg    . . .        a - +0 robe
rPois   .            (helmet restricted)
rElec   .            (no cloak)
rCorr   .            (no gloves)
SInv    .            d - +0 pair of boots
Will    .....        (no amulet)
Stlth   ++           m - ring of protection from cold
HPRegen 0.25/turn    (no ring)
MPRegen 0.11/turn

%: no passive effects
@: sleeping
A: horns 1, repulsion field 1, spiny 1
a: no special abilities


You were on level 4 of the Dungeon.
You visited 1 branch of the dungeon, and saw 4 of its levels.

You collected 209 gold pieces.

Inventory:

Hand Weapons
 o - a +1 dagger of venom (weapon)
 x - a +1 heavy mace
Missiles
 s - 5 silver javelins
Armour
 a - a +0 robe (worn)
 d - a +0 pair of boots (worn)
Jewellery
 m - a ring of protection from cold (left hand)
Wands
 v - a wand of flame (18)
Scrolls
 c - 2 scrolls of vulnerability {unknown}
 h - a scroll of enchant armour {unknown}
 j - a scroll of blinking {unknown}
 k - 3 scrolls of identify {unknown}
 n - a scroll of teleportation {unknown}
 p - a scroll of fog {unknown}
 q - a scroll of immolation {unknown}
 t - a scroll of noise {unknown}
 u - a scroll of brand weapon {unknown}
Potions
 b - a potion of magic
 f - 3 potions of flight {unknown}
 g - a potion of curing {unknown}
 i - 2 potions of lignification {unknown}
 l - a potion of mutation {unknown}
 r - 2 potions of heal wounds {unknown}
 w - a potion of brilliance {unknown}


   Skills:
 - Level 2.4 Fighting
 * Level 2.1 Dodging
 - Level 1.7 Stealth
 + Level 3.6 Spellcasting
 + Level 1.2 Conjurations
 - Level 2.6 Fire Magic


You had 4 spell levels left.
You knew the following spells:

 Your Spells              Type           Power      Damage    Failure   Level
a - Foxfire               Conj/Fire      40%        2x1d6     6%          1
b - Scorch                Fire           26%        2d6       7%          2
c - Volatile Blastmotes   Fire/Tloc      16%        2d11      24%         3

Your spell library contained the following spells:

 Spells                   Type           Power      Damage    Failure   Level
 Inner Flame              Hex/Fire       8%         N/A       24%         3
 Flame Wave               Conj/Fire      10%        2d6       54%         4


Dungeon Overview and Level Annotations

Branches:
Dungeon (4/15)
 Temple: D:4-7

Altars:
Xom


Innate Abilities, Weirdness & Mutations

You have a pair of small horns on your head.
You are surrounded by a mild repulsion field. (EV +2)
You are partially covered in sharp spines.


Message History

The orc priest mumbles some strange prayers to Beogh against you.
Beogh smites you!
An endoplasm comes into view.
The iguana is struck by your spines. The iguana barely misses you.
You climb upwards.
There is a stone staircase leading down here.
Things that are here:
a +0 leather armour; a +0 dagger You hit the orc.
The orc is almost dead.
The iguana is struck by your spines.
You kill the iguana!
The orc is struck by your spines.
You kill the orc!
Your Dodging skill increases to level 2!
You start resting.
Your magical contamination has completely faded away.
You start resting.
Magic restored.
You start resting.
HP restored.
You see here a +0 hand axe.
There is a stone staircase leading down here.
You climb downwards.
The orc hits you with a +0 hand axe.
The orc wizard points at you and mumbles some strange words.
The puff of flame hits you!
There is a stone staircase leading up here.
Casting: Foxfire (safe; 6% risk of failure)
Confirm with . or Enter, or press ? or * to list all spells.
Flames lash the orc.
The orc is lightly wounded.
The orc's fire resistance burns away.
The endoplasm quivers.
The orc hits you with a +0 dagger. The orc hits you but does no damage.
The sleepcap releases spores at you.
You are engulfed in a cloud of soporific spores!
You fall asleep.
The orc is struck by your spines. The orc barely misses you.
The sleepcap releases spores at you!
You die...

......# ..
....... .$.
..<.... ...###
..... ......#
....
....J..##o.#
........#.#
....)..oo.##..#
.).....@fo......
#...####........
#. .......##
#.#......
#..##o... ...
.... .... ...
...


You could see a sleepcap, an orc wizard, 4 orcs and an endoplasm.

Vanquished Creatures
  Terence (D:2)
  An iguana (D:3)
  An adder (D:3)
  A worm (D:2)
  A dart slug (D:1)
  6 orcs (D:3)
  3 ball pythons
  2 bats
  4 endoplasms
  2 giant cockroaches (D:1)
  6 goblins
  5 hobgoblins
  6 jackals
  2 kobolds
  A quokka (D:1)
  3 frilled lizards
  4 rats
49 creatures vanquished.

Vanquished Creatures (others)
  72 foxfires
72 creatures vanquished.

Grand Total: 121 creatures vanquished

Notes
Turn   | Place    | Note
-------+----------+-------------------------------------------
     0 | D:1      | Edyrem the Demonspawn Fire Elementalist began the quest for
                  | the Orb.
     0 | D:1      | Reached XP level 1. HP: 13/13 MP: 3/3
   311 | D:1      | Reached skill level 1 in Fighting
   355 | D:1      | Gained mutation: You are surrounded by a mild repulsion
                  | field. (EV +2) [demonic ancestry]
   355 | D:1      | Reached XP level 2. HP: 12/21 MP: 0/5
   468 | D:1      | Learned a level 2 spell: Scorch
   892 | D:1      | Found a faded altar of an unknown god.
  1224 | D:2      | Gained mutation: You have a pair of small horns on your
                  | head. [demonic ancestry]
  1224 | D:2      | Reached XP level 3. HP: 27/27 MP: 1/7
  1368 | D:2      | Found a shimmering altar of Xom.
  1836 | D:2      | Noticed Terence
  1842 | D:2      | Learned a level 3 spell: Volatile Blastmotes
  1855 | D:2      | Killed Terence
  1856 | D:2      | Reached skill level 3 in Spellcasting
  2401 | D:3      | Gained mutation: You are partially covered in sharp spines.
                  | [demonic ancestry]
  2401 | D:3      | Reached XP level 4. HP: 33/33 MP: 6/8
  3494 | D:4      | Slain by a sleepcap

Illustrated notes

Levels and vault maps discovered:
D:1:      eino_arrival_water_star, layout_loops_ring, basic_ecumenical_altar,
          hex_medium, minmay_statues_item
D:2:      layout_loops_corners, basic_altar, kennysheep_minor_cross,
          minmay_pentomino_o4, uniq_terence
D:3:      layout_basic
D:4:      layout_cave_pools, eino_tiny_chamber, uniq_menkaure

Skill      XL: |  1  2  3  4 |
---------------+-------------+-----
Fighting       | 1 2 |  2.4
Spellcasting   | 3 |  3.6
Dodging        | 2 |  2.1
Stealth        | |  1.7
Conjurations   | |  1.2
Fire Magic     | |  2.6

Action                     |  1- 3 |  4- 6 || total
---------------------------+-------+-------++-------
  Melee: Mace              |    84 |       ||    84
         Unarmed           |     1 |       ||     1
         Dagger            |     5 |     8 ||    13
         Headbutt          |     3 |       ||     3
   Cast: Foxfire           |    29 |    10 ||    39
         Scorch            |    13 |     6 ||    19
         Volatile Blastmot |       |     1 ||     1
   Stab: Sleeping          |     1 |     1 ||     2
 Armour: Robe              |    23 |     4 ||    27
  Dodge: Dodged            |    81 |     4 ||    85
